 Dungeon Crawl Stone Soup version 0.14-a0-3350-g14ab857 (webtiles) character file.

268 MirrMurr the Ruinous (level 4, -3/18 HPs)
             Began as a Felid Wizard on Mar 18, 2014.
             Slain by a centaur skeleton (6 damage)
             ... on Level 4 of the Dungeon.
             The game lasted 00:18:51 (5559 turns).

MirrMurr the Ruinous (Felid Wizard)                 Turns: 5559, Time: 00:18:51

HP  -3/18        AC  1     Str  4      XL: 4   Next: 39%
MP   3/12        EV 17     Int 20      God:
Gold 173         SH  0     Dex 14      Spells:  4 memorised,  0 levels left
Lives: 0, deaths: 1

rFire  . . .     SeeInvis +     (weapon unavailable)
rCold  . . .     Clarity  .     (armour unavailable)
rNeg   . . .     Conserve .     (shield unavailable)
rPois  .         rCorr    .     (helmet unavailable)
rElec  .         rRot     .     (cloak unavailable)
SustAb . .       Spirit   .     (gloves unavailable)
rMut   .         Warding  .     (boots unavailable)
Saprov . . .     Stasis   .     (no amulet)
MR     .....                    (no ring)
                                (no ring)

@: quick, not resistant to hostile enchantments, stealthy
A: paw claws, no armour, no weapons or thrown items, fangs 3, see invisible,
carnivore 3, speed 1, shaggy fur 1, slow metabolism 1, jump 1
a: Jump Attack


You were on level 4 of the Dungeon.
You were not hungry.

You visited 1 branch of the dungeon, and saw 4 of its levels.

You collected 173 gold pieces.

Inventory:

Comestibles
 d - 2 meat rations
Scrolls
 e - 4 scrolls of teleportation
 f - a scroll of enchant weapon II {unknown}
 g - 2 scrolls of immolation
 i - a scroll of identify
 j - a scroll of magic mapping {unknown}
 k - 4 scrolls of remove curse
 l - a scroll of fog {unknown}
 m - a scroll of blinking {unknown}
 n - a scroll of amnesia {unknown}
 t - a scroll of noise {unknown}
Potions
 a - 6 potions of curing
 b - a potion of might {unknown}
 h - 3 potions of heal wounds
 o - a potion of mutation {unknown}
 p - a potion of invisibility {unknown}
 q - a potion of magic
 r - 2 potions of haste
 s - a potion of flight {unknown}
 u - a potion of restore abilities
Books
 c - a book of Minor Magic

   Spells                             Type                      Level
   *Magic Dart                        Conjuration                  1
   *Blink                             Translocation                2
   Call Imp                           Summoning                    2
   Repel Missiles                     Charms/Air                   2
   Slow                               Hexes                        2
   *Conjure Flame                     Conjuration/Fire             3
   *Mephitic Cloud                    Conjuration/Poison/Air       3


   Skills:
 - Level 2.6 Dodging
 - Level 2.6 Stealth
 - Level 3.0 Spellcasting
 + Level 4.8 Conjurations
   Level 1.0 Summonings
 - Level 1.5 Translocations


You couldn't memorise any spells.
You knew the following spells:

 Your Spells              Type           Power        Failure   Level  Hunger
a - Magic Dart            Conj           ###.         1%          1    None
c - Conjure Flame         Conj/Fire      ##......     17%         3    ###....
m - Mephitic Cloud        Conj/Pois/Air  #.......     24%         3    ###....
B - Blink                 Tloc           N/A          14%         2    ##.....


Dungeon Overview and Level Annotations

Branches:
Dungeon (4/15)
 Temple: D:4-7

Altars:
Ashenzari

Annotations:
D:4 Pikel


Innate Abilities, Weirdness & Mutations

You cannot wear armour.
You are incapable of wielding weapons or throwing items.
Your paws have sharp claws.
You have razor-sharp teeth.
You have supernaturally acute eyesight.
You are carnivorous and can eat meat at any time.
You cover ground quickly.
You are covered in fur (AC +1).
You have a slow metabolism.
You can jump attack at a short distance.


Message History

Aim: a centaur skeleton The magic dart hits the centaur skeleton.
The centaur skeleton hits you but does no damage.
The centaur skeleton hits you.
* * * LOW HITPOINT WARNING * * *
Casting: Magic Dart
Confirm with . or Enter, or press ? or * to list all spells.
Aiming: Magic Dart
Press: ? - help, Shift-Dir - straight line, f/p - centaur skeleton
Aim: a centaur skeleton The magic dart hits the centaur skeleton.
The centaur skeleton closely misses you.
Casting: Magic Dart
Confirm with . or Enter, or press ? or * to list all spells.
Aiming: Magic Dart
Press: ? - help, Shift-Dir - straight line, f/p - centaur skeleton
Aim: a centaur skeleton The magic dart hits the centaur skeleton.
The centaur skeleton hits you.
You die...

..........)......................
........................##..##.##
.......######......#........##.#
........# #......#....)...##.#
........# ########........##.#
........# #..l.....##.# ........#
#.......%...#
........##################..####
@...............@Z...§g..<..#
##########################.## #
#.### # #...#
##########################g..#
.............................#
##############################


You could see a gnoll and a centaur skeleton.

Vanquished Creatures
  A slave (D:4)
  A hound (D:3)
  2 gnolls (D:4)
  3 adders
  A giant mite (D:1)
  A worm (D:4)
  3 giant geckos
  6 orcs
  9 goblins
  11 hobgoblins
  10 jackals
  A ball python (D:3)
  8 bats
  4 giant cockroaches
  4 giant newts
  8 kobolds
  11 rats
  A rat skeleton (D:4)
85 creatures vanquished.

Notes
Turn   | Place    | Note
--------------------------------------------------------------
     0 | D:1      | MirrMurr, the Felid Wizard, began the quest for the Orb.
     0 | D:1      | Reached XP level 1. HP: 7/7 MP: 5/5
    25 | D:1      | Reached skill level 1 in Conjurations
   121 | D:1      | Reached XP level 2. HP: 11/11 MP: 0/7
   125 | D:1      | Learned a level 2 spell: Blink
   916 | D:1      | Reached XP level 3. HP: 14/14 MP: 1/9
   921 | D:1      | Learned a level 3 spell: Mephitic Cloud
  2635 | D:2      | Reached XP level 4. HP: 18/18 MP: 10/12
  2652 | D:2      | Learned a level 3 spell: Conjure Flame
  3482 | D:3      | Reached skill level 4 in Conjurations
  3888 | D:4      | Reached XP level 5. HP: 21/21 MP: 4/14
  4244 | D:4      | Noticed a slave
  4245 | D:4      | Noticed a slave
  4246 | D:4      | Noticed a slave
  4283 | D:4      | Noticed a slave
  4995 | D:4      | Noticed Pikel
  5014 | D:4      | Killed a slave
  5311 | D:4      | Found a shattered altar of Ashenzari.
  5311 | D:4      | Noticed a hungry ghost
  5363 | D:4      | HP: 1/21 [goblin (3)]
  5390 | D:4      | HP: 1/21 [jackal (2)]
  5402 | D:4      | Slain by a centaur skeleton
  5403 | D:4      | Reached XP level 4. HP: -4/18 MP: 3/12
  5559 | D:4      | Slain by a centaur skeleton

Action                   |  1- 3 |  4- 6 || total
-------------------------+-------+-------++-------
Melee: Unarmed           |     2 |     8 ||    10
 Cast: Magic Dart        |   106 |   148 ||   254
       Mephitic Cloud    |       |    11 ||    11
       Conjure Flame     |       |     6 ||     6
       Blink             |       |     3 ||     3
  Use: Potion            |     1 |       ||     1
       Scroll            |     2 |     5 ||     7
 Stab: Sleeping          |       |     1 ||     1
